 Dungeon Crawl Stone Soup version 0.30.0-29-ga12c61a403 (webtiles) character file.

Game seed: 18173280350375127462

30158 McKennaii the Geomancer (level 12, -4/81 HPs)
             Began as a Demigod Conjurer on June 8, 2023.
             Shot with an arrow by a centaur warrior (18 damage)
             ... on level 13 of the Dungeon.
             The game lasted 00:29:13 (14817 turns).

McKennaii the Geomancer (Demigod Conjurer)         Turns: 14817, Time: 00:29:14

Health: -4/81      AC:  8    Str:  8    XL:     12   Next: 88%
Magic:  30/32      EV: 12    Int: 36    God:
Gold:   1301       SH:  0    Dex: 12    Spells: 18/33 levels left

rFire   + . .        u - +10 shortbow of Perversion {drain, rC++}
rCold   + + .        (shield currently unavailable)
rNeg    . . .        N - +2 robe {rF+}
rPois   .            t - +0 helmet
rElec   .            B - +0 cloak {rCorr}
rCorr   +            r - +0 pair of gloves
SInv    .            n - +0 pair of boots
Will    +....        D - amulet of magic regeneration
Stlth   ++           w - ring of wizardry
HPRegen 0.33/turn    q - ring of resist corrosion
MPRegen 0.63/turn

%: wizardry (x1)
@: no status effects
A: high MP 1, forlorn, divine attributes
a: no special abilities


You were on level 13 of the Dungeon.
You visited 1 branch of the dungeon, and saw 14 of its levels.
You also visited: Sewer.

You collected 1523 gold pieces.
You spent 222 gold pieces at shops.

Inventory:

Hand Weapons
 h - a +3 vampiric rapier
 u - the +10 shortbow of Perversion (weapon) {drain, rC++}
   (You found it on level 3 of the Dungeon)

   rC:        It greatly protects you from cold.
Missiles
 K - 9 throwing nets
Armour
 n - a +0 pair of boots (worn)
 r - a +0 pair of gloves (worn)
 t - a +0 helmet (worn)
 B - a +0 cloak of preservation (worn)
 N - a +2 robe of fire resistance (worn)
 O - +0 steam dragon scales
Magical Staves
 G - a staff of conjuration
Jewellery
 f - a ring of see invisible
 q - a ring of resist corrosion (right hand)
 w - a ring of wizardry (left hand)
 D - an amulet of magic regeneration (around neck)
 H - a ring of protection from fire
 Q - a ring of wizardry
Wands
 j - a wand of mindburst (6)
 A - a wand of flame (31)
 I - a wand of polymorph (16)
 P - a wand of light (8)
 R - a wand of paralysis (4)
 U - a wand of iceblast (11)
Scrolls
 a - a scroll of fog
 c - a scroll of magic mapping
 d - 3 scrolls of immolation
 g - 4 scrolls of vulnerability
 m - 5 scrolls of teleportation
 o - 5 scrolls of poison
 p - 6 scrolls of enchant armour
 s - a scroll of amnesia
 x - 8 scrolls of noise {unknown}
 y - a scroll of summoning {unknown}
 F - a scroll of brand weapon {unknown}
 M - a scroll of torment {unknown}
 V - a scroll of fear
Potions
 b - 7 potions of magic
 e - 7 potions of curing
 i - 2 potions of haste
 k - 4 potions of lignification
 l - 5 potions of ambrosia
 v - 3 potions of flight
 z - a potion of invisibility
 C - 7 potions of might {unknown}
 E - 7 potions of brilliance {unknown}
 J - a potion of attraction {unknown}
 L - a potion of degeneration {unknown}
 S - a potion of mutation {unknown}
 T - a potion of berserk rage {unknown}


   Skills:
 - Level 1.7 Dodging
 - Level 1.7 Stealth
 + Level 11.4 Spellcasting
 - Level 11.6 Conjurations
 * Level 12.9 Earth Magic


You had 18 spell levels left.
You knew the following spells:

 Your Spells              Type           Power      Damage    Failure   Level
a - Magic Dart            Conj           100%       1d8       0%          1
b - Searing Ray           Conj           100%       2d8       1%          2
c - Iskenderun's Mystic   Conj/Tloc      58%        2d12      1%          4
d - Stone Arrow           Conj/Erth      100%       3d13      1%          3
f - Freezing Cloud        Conj/Ice/Air   24%        6-21      4%          5

Your spell library contained the following spells:

 Spells                   Type           Power      Damage    Failure   Level
 Sandblast                Erth           100%       2d20      0%          1
 Shock                    Conj/Air       100%       1d9       1%          1
 Passwall                 Tmut/Erth      50%        N/A       1%          2
 Poisonous Vapours        Pois/Air       40%        N/A       1%          2
 Sublimation of Blood     Necr           20%        N/A       1%          2
 Dazzling Flash           Conj/Hex       100%       N/A       1%          3
 Mephitic Cloud           Conj/Pois/Air  48%        N/A       1%          3
 Fulminant Prism          Conj/Hex       29%        3d13      1%          4
 Petrify                  Tmut/Erth      61%        N/A       1%          4
 Irradiate                Conj/Tmut      29%        3d21      1%          5
 Swiftness                Air            20%        N/A       2%          3
 Tukima's Dance           Hex            20%        N/A       2%          3
 Airstrike                Air            10%        2d(2-18)  9%          4
 Passage of Golubria      Tloc           20%        N/A       9%          4
 Yara's Violent Unravell  Hex/Tmut       10%        3d6       22%         5
 Shatter                  Erth           42%        3d33*     98%         9
 Chain Lightning          Conj/Air       29%        3d38      100%        9
 Fire Storm               Conj/Fire      29%        8d7       100%        9


Dungeon Overview and Level Annotations

Branches:
Dungeon (14/15)            Temple (0/1) D:4            Lair (0/5) D:10
    Orc (0/2) D:12         Vaults (0/5) D:13          Sewer (visited)

Shops:
D:5 ((*:(   D:6 :*   D:8 ((   D:10 (

Annotations:
D:12 tykejmi's ghost, journeyman DsBe


Innate Abilities, Weirdness & Mutations

You have an increased reservoir of magic. (+10% MP)
You shall have no god before yourself.
Your divine heritage dramatically boosts your attributes as you level up.


Message History

Unknown command.
Unknown command.
There is an open door here.
You close the door.
You start resting.
Magic restored.
There is an open door here.
A centaur warrior comes into view.
Found a dagger.
Found a stone staircase leading up.
Casting: Iskenderun's Mystic Blast (mildly dangerous; 1% risk of failure)
Confirm with . or Enter, or press ? or * to list all spells.
Aiming: Freezing Cloud (dangerous; 4% risk of failure)
Press: ? - help, Dir - move target The centaur warrior shouts!
The centaur warrior wields a +0 longbow.
The centaur warrior shoots an arrow.
The arrow hits you!
Unknown command.
The centaur warrior is engulfed in freezing vapours.
The centaur warrior shoots an arrow.
The arrow hits you!
Unknown command.
Casting: Freezing Cloud (dangerous; 4% risk of failure)
Confirm with . or Enter, or press ? or * to list all spells.
Okay, then.
Fire: u) +10 shortbow of Perversion {drain, rC++}
Press: ? - help, Q - select action, (/) - cycle Shift-Dir - straight line, f - centaur warrior
Aim: a centaur warrior, wielding a +0 longbow (freezing vapour, lightly wounded, 74% to hit)
You shoot an arrow. The arrow hits the centaur warrior!
The centaur warrior is moderately wounded.
The centaur warrior is engulfed in freezing vapours.
The centaur warrior shoots an arrow.
The arrow hits you!!
* * * LOW HITPOINT WARNING * * *
The centaur warrior is engulfed in freezing vapours.
The centaur warrior shoots an arrow.
The arrow hits you!
* * * LOW HITPOINT WARNING * * *
You hear a shout!
Unknown command.
You feel better.
The centaur warrior is engulfed in freezing vapours.
The centaur warrior shoots an arrow.
The arrow hits you!!
You die...

...........# #.........
.c§........# #.........
)§§§.....[.#####.........
.§§§.......#...+........>
...........#.###.........
.........(.'.# #.........
...........### ##########
...........# <.......@..#
############


You could see a centaur warrior.

Vanquished Creatures
  Snorg (D:11)
  3 centaur warriors (D:12)
  A boulder beetle (D:12)
  6 two-headed ogres
  A tengu warrior (D:13)
  Urug (D:11)
  Nergalle (D:11)
  Lodul (D:11)
  Pikel (D:6)
  An oklob plant (D:6)
  4 cyclopes
  5 ugly things
  A manticore (D:12)
  An ice statue (D:8)
  An unseen horror (D:13)
  3 kobold demonologists
  2 komodo dragons
  A troll (D:12)
  Grinder (D:3)
  2 hornets
  4 slime creatures (D:12)
  3 shadows
  Sigmund (D:3)
  A wyvern (D:6)
  2 wraiths
  30 yaks
  2 vampires (D:12)
  2 basilisks
  Menkaure (D:4)
  A vampire mosquito (D:12)
  7 water moccasins
  An acid dragon (D:10)
  Duvessa (D:6)
  2 black bears
  A sky beast (D:7)
  3 orc warriors
  3 centaurs
  9 ogres
  A phantom (D:6)
  13 kobold brigands
  7 bullfrogs
  3 gnoll sergeants
  5 scorpions
  3 wights (D:10)
  Dowan (D:6)
  5 killer bees (D:8)
  A crimson imp (D:6)
  5 howler monkeys
  4 jellies
  A gnoll bouda (D:8)
  2 hounds
  4 orc priests
  Crazy Yiuf (D:3)
  Jessica (D:2)
  16 orc wizards
  Natasha (thrice) (D:3)
  5 iguanas
  15 adders
  23 gnolls
  6 river rats
  A white imp (D:6)
  An ufetubus (D:7)
  2 worms
  4 dart slugs
  55 orcs
  10 ball pythons
  4 endoplasms
  3 giant cockroaches (D:2)
  6 goblins
  7 hobgoblins
  2 jackals (D:4)
  25 kobolds
  3 quokkas
  8 bats
  4 frilled lizards
  26 rats
398 creatures vanquished.

Vanquished Creatures (others)
  A wizard (D:6)
  An orc wizard (D:7)
2 creatures vanquished.

Grand Total: 400 creatures vanquished

Notes
Turn   | Place    | Note
-------+----------+-------------------------------------------
     0 | D:1      | McKennaii the Demigod Conjurer began the quest for the Orb.
     0 | D:1      | Reached XP level 1. HP: 14/14 MP: 5/5
   216 | D:1      | Reached XP level 2. HP: 15/20 MP: 0/7
   291 | D:1      | Learned a level 2 spell: Searing Ray
  1228 | D:2      | Noticed Jessica
  1232 | D:2      | Killed Jessica
  1233 | D:2      | Reached XP level 3. HP: 26/26 MP: 3/9
  2106 | D:3      | Noticed Grinder
  2135 | D:3      | Noticed Sigmund
  2152 | D:3      | Killed Sigmund
  2153 | D:3      | Reached skill level 5 in Conjurations
  2153 | D:3      | Reached XP level 4. HP: 33/33 MP: 0/12
  2153 | D:3      | Reached XP level 5. HP: 38/38 MP: 0/13
  2356 | D:3      | Killed Grinder
  2357 | D:3      | Reached XP level 6. HP: 45/45 MP: 0/15
  2548 | D:3      | Identified the +10 shortbow of Perversion {drain, rC++}
  2895 | D:3      | Noticed a +0 hand axe
  2895 | D:3      | Noticed a +0 dagger
  2905 | D:3      | Learned a level 4 spell: Iskenderun's Mystic Blast
  2914 | D:3      | Noticed Natasha
  2918 | D:3      | Killed Natasha
  2932 | D:3      | Noticed Natasha
  2938 | D:3      | Killed Natasha
  3236 | D:3      | Found a runed translucent door.
  3237 | D:3      | Noticed Crazy Yiuf
  3387 | D:4      | Found a staircase to the Ecumenical Temple.
  3537 | D:4      | Reached XP level 7. HP: 50/50 MP: 17/17
  3621 | D:4      | Noticed Menkaure
  3715 | D:4      | Killed Menkaure
  3716 | D:4      | Reached skill level 5 in Spellcasting
  4114 | D:5      | Entered Level 5 of the Dungeon
  4114 | D:5      | Found Hocvafapp's General Store.
  4175 | D:3      | Killed Crazy Yiuf
  4228 | D:3      | Noticed Natasha
  4232 | D:3      | Killed Natasha
  4295 | D:5      | Found Gazarph's Antique Weapon Shoppe.
  4355 | D:5      | Found Plog's Book Emporium.
  4381 | D:5      | Bought a book of Geomancy for 180 gold pieces
  4385 | D:5      | Learned a level 3 spell: Stone Arrow
  4399 | D:5      | Bought a scroll of teleportation for 42 gold pieces
  4726 | D:5      | Found Firghiuch's Weapon Emporium.
  4767 | D:5      | Reached XP level 8. HP: 57/57 MP: 20/20
  4816 | D:5      | Found Usitumot's Weapon Boutique.
  5037 | D:6      | Noticed Duvessa
  5039 | D:6      | Noticed Dowan
  5043 | D:6      | Killed Duvessa
  5046 | D:6      | Killed Dowan
  5256 | D:6      | Found a glowing drain.
  5265 | Sewer    | Entered a sewer
  5916 | D:6      | Found Figigruo's Tiny Tomes.
  6056 | D:6      | Noticed Pikel
  6064 | D:6      | Killed Pikel
  6065 | D:6      | Reached XP level 9. HP: 49/62 MP: 10/24
  6137 | D:6      | Noticed a wizard
  6141 | D:6      | Killed a wizard
  6186 | D:6      | Reached skill level 1 in Earth Magic
  6233 | D:6      | Found Gozag's Platinum Reserve.
  6330 | D:6      | Noticed an oklob plant
  6339 | D:6      | Learned a level 5 spell: Freezing Cloud
  6348 | D:6      | Killed an oklob plant
  6349 | D:6      | Reached skill level 3 in Earth Magic
  6809 | D:7      | Reached skill level 4 in Earth Magic
  7681 | D:8      | Reached skill level 5 in Earth Magic
  7681 | D:8      | Reached XP level 10. HP: 53/69 MP: 12/26
  7884 | D:8      | Reached skill level 10 in Conjurations
  7953 | D:8      | Found Quepn's Antique Weapon Boutique.
  7985 | D:8      | Reached skill level 6 in Earth Magic
  8192 | D:8      | Found Sogg's Antique Weapon Shop.
  8310 | D:8      | Noticed an ice statue
  8352 | D:8      | Killed an ice statue
  8852 | D:9      | Found a large runed translucent door.
  8852 | D:9      | Found a large runed translucent door.
  8973 | D:9      | Noticed a two-headed ogre
  8986 | D:9      | Reached skill level 7 in Earth Magic
  9000 | D:9      | Killed a two-headed ogre
  9438 | D:9      | Noticed a centaur warrior
  9443 | D:9      | Noticed a two-headed ogre
  9448 | D:9      | Noticed a two-headed ogre
  9481 | D:10     | Entered Level 10 of the Dungeon
  9481 | D:10     | Found Yppogius's Antique Weapon Shop.
  9656 | D:10     | Noticed a two-headed ogre
  9669 | D:10     | Killed a two-headed ogre
  9670 | D:10     | Reached XP level 11. HP: 74/74 MP: 12/28
  9880 | D:10     | Reached skill level 8 in Earth Magic
 10232 | D:10     | Noticed a two-headed ogre
 10239 | D:10     | Killed a two-headed ogre
 10264 | D:10     | Found a staircase to the Lair.
 10303 | D:10     | Noticed a two-headed ogre
 10312 | D:10     | Killed a two-headed ogre
 10567 | D:11     | Reached skill level 9 in Earth Magic
 10616 | D:11     | Noticed Snorg
 10627 | D:11     | Killed Snorg
 10804 | D:11     | Noticed a two-headed ogre
 10816 | D:11     | Killed a two-headed ogre
 10817 | D:11     | Reached skill level 10 in Spellcasting
 10864 | D:11     | You fall into a shaft and drop 2 floors!
 11190 | D:11     | Noticed Lodul
 11197 | D:11     | Killed Lodul
 11198 | D:11     | Reached skill level 10 in Earth Magic
 11259 | D:11     | Noticed Urug
 11264 | D:11     | Killed Urug
 11471 | D:11     | Noticed Nergalle
 11475 | D:11     | Killed Nergalle
 11486 | D:11     | Reached XP level 12. HP: 43/81 MP: 1/31
 11853 | D:12     | Reached skill level 11 in Earth Magic
 12279 | D:12     | Found a staircase to the Orcish Mines.
 12577 | D:12     | Found a runed translucent gate.
 12577 | D:12     | Found a runed translucent gate.
 12577 | D:12     | Found a runed translucent gate.
 12577 | D:12     | Noticed tykejmi's ghost (journeyman DsBe)
 12819 | D:12     | Noticed a boulder beetle
 12826 | D:12     | Killed a boulder beetle
 14039 | D:12     | Reached skill level 12 in Earth Magic
 14154 | D:12     | Noticed a centaur warrior
 14159 | D:12     | Killed a centaur warrior
 14194 | D:12     | Noticed a centaur warrior
 14199 | D:12     | Killed a centaur warrior
 14212 | D:12     | Noticed a centaur warrior
 14217 | D:12     | Killed a centaur warrior
 14784 | D:13     | Found a gate to the Vaults.
 14784 | D:13     | Noticed a centaur warrior
 14784 | D:13     | Noticed a six-headed hydra
 14784 | D:13     | Noticed a vault guard
 14784 | D:13     | Noticed a vault guard
 14784 | D:13     | Noticed a vault guard
 14784 | D:13     | Noticed a boulder beetle
 14784 | D:13     | Noticed a vault guard
 14784 | D:13     | Noticed a four-headed hydra
 14813 | D:13     | Noticed a centaur warrior
 14816 | D:13     | HP: 4/81 [centaur warrior/arrow (17)]
 14817 | D:13     | Shot with an arrow by a centaur warrior

Illustrated notes

Levels and vault maps discovered:
D:1:      scummos_arrival_simple_crosswalls, layout_basic, serial_rivers,
          chequers_serial_rivers_small_b, chequers_serial_rivers_small_3,
          chequers_serial_rivers_room_a, chequers_serial_rivers_large_b,
          chequers_serial_rivers_micro_b
D:2:      layout_loops_ring, basic_altar,
          shapermc_ecumenical_altar_mp_ritualfount, minmay_tetromino_o2,
          uniq_jessica
D:3:      layout_basic, dancing_weapons_uskayaw, uniq_natasha, uniq_grinder,
          uniq_sigmund, uniq_crazy_yiuf_cottage
D:4:      layout_rooms, minmay_temple_entry_from_below_b, uniq_menkaure
D:5:      layout_rooms, overflow_temple_1_default, serial_shops,
          nicolae_shop_tiny_statue_garden, nicolae_stop_n_shop_1, shop,
          nicolae_shop_tiny_glass, shop
D:6:      layout_rooms, yredelemnul_altar_generic,
          nicolae_gozag_zags_fifth_avenue, tgw_fedhas, makhleb_grotto_becter,
          nicolae_ru_path_of_blood, mainiacjoe_overflow_tiny_flanked,
          trog_wizard, portal_sewer_entry_b, serial_rivers,
          chequers_serial_rivers_room_a, chequers_serial_rivers_micro_c,
          chequers_serial_rivers_micro_b, chequers_serial_rivers_marsh,
          chequers_serial_rivers_small_b, chequers_serial_rivers_small_3,
          minmay_liquid_box, nicolae_shop_i_like_small_books_too,
          minmay_misc_feat_pillars, uniq_duvessa, uniq_pikel
D:7:      layout_loops_ring, mainiacjoe_overflow_boulevard,
          minmay_tree_intersection, grunt_ministairs_5
D:8:      lemuel_ice_statue, layout_basic, serial_shops, nicolae_stop_n_shop_1,
          nicolae_shop_tiny_real_fake_doors
D:9:      okawaru_arena_lexackson, layout_basic
D:10:     layout_basic, okawaru_ov_weapons_minmay, mainiacjoe_overflow_alcove_4,
          due_lair_maze_entry_diamond, serial_shops, nicolae_shop_hallway_stairs
D:11:     layout_roguey, palyth_stone_intersect, uniq_nergalle, uniq_lodul,
          uniq_urug, uniq_snorg
D:12:     minmay_connected_triangles_in_corner, layout_stronghold, orc_0_dummy,
          serial_column_ruins, column_ruins_open_tiny,
          column_ruins_open_tiny_water, column_ruins_columns_dead_end,
          column_ruins_open_small_water, column_ruins_open_small,
          column_ruins_corridor_straight, column_ruins_corridor_dead_end,
          gammafunk_ghost_nasty_kobolds
D:13:     layout_roguey, lightli_vaults_fourway_checkpoint
D:14:     layout_basic, ebering_dispersal_statue_hall, fiery_altar_vehumet,
          uniq_louise, uniq_roxanne, uniq_jorgrun

Skill      XL: |  1  2  3  4  5  6  7  8  9 10 11 12 |
---------------+-------------------------------------+-----
Spellcasting   | 2 3 4 6 7 8 9 10 11 | 11.4
Conjurations   | 4 5 6 7 9 10 11 | 11.6
Earth Magic    | 5 7 10 12 | 12.9
Dodging        | |  1.7
Stealth        | |  1.7

Action                     |  1- 3 |  4- 6 |  7- 9 | 10-12 || total
---------------------------+-------+-------+-------+-------++-------
  Melee: Dagger            |     6 |     1 |       |       ||     7
   Fire: Shortbow          |       |    68 |   259 |   273 ||   600
   Cast: Magic Dart        |    74 |     9 |       |       ||    83
         Searing Ray       |     3 |     7 |    16 |    12 ||    38
         Iskenderun's Myst |       |       |    42 |   165 ||   207
         Stone Arrow       |       |       |     2 |    55 ||    57
         Freezing Cloud    |       |       |     1 |    13 ||    14
    Use: Scroll            |       |       |     2 |    18 ||    20
         Potion            |       |       |       |    12 ||    12
 Armour: Robe              |     2 |     2 |    19 |    43 ||    66
  Dodge: Dodged            |     7 |    11 |    46 |    79 ||   143
